 Dungeon Crawl Stone Soup version 0.31-a0-986-g5e6e4ef867 (webtiles) character file.

Game seed: 14131052619084265218

29959 jasper the Severer (level 14, -2/126 HPs)
             Began as a Meteoran Fighter on Nov 10, 2023.
             Was a High Priest of Ru.
             Slain by a yak (5 damage)
             ... on level 5 of the Lair of Beasts.
             The game lasted 00:18:18 (6189 turns).

jasper the Severer (Meteoran Fighter)               Turns: 6189, Time: 00:18:19

Health: -2/126     AC:  7    Str: 22    XL:     14   Next: 19%
Magic:  15/15      EV:  9    Int: 10    God:    Ru [*****.]
Gold:   881        SH: 17    Dex: 15    Spells: 13/13 levels left

rFire   . . .        u - +1 war axe (venom)
rCold   . . .        K - +0 kite shield
rNeg    + . .        B - +0 swamp dragon scales
rPois   +            i - +0 helmet
rElec   .            I - scarf {repulsion}
rCorr   .            (no gloves)
SInv    .            y - +2 pair of boots
Will    +....        m - amulet of reflection
Stlth   +            p - ring of positive energy
HPRegen 0.41/turn    (no ring)
MPRegen 0.14/turn

%: inaccuracy (-5), repel missiles, reflection
@: corroded, glowing
A: sense surroundings 2, hated by all, inability to train dodging, no
conjurations magic, no hexes magic, no ice magic, missing an eye, otherworldly,
glowing, explore regen
a: Renounce Religion, Draw Out Power, Power Leap, Apocalypse


You were on level 5 of the Lair of Beasts.
You worshipped Ru.
Ru was extremely pleased with you.
You visited 2 branches of the dungeon, and saw 16 of its levels.

You collected 881 gold pieces.

Inventory:

Hand Weapons
 a - a +0 war axe
 d - a +0 flail
 u - a +1 war axe of venom (weapon)
 v - a +5 heavy flail
 G - a +1 broad axe
Missiles
 E - 3 poisoned darts
Armour
 b - a +0 scale mail
 c - a +0 buckler
 e - a +0 chain mail
 f - a +0 plate armour
 i - a +0 helmet (worn)
 y - a +2 pair of boots (worn)
 B - +0 swamp dragon scales (worn)
 C - a +1 hat
 I - a scarf of repulsion (worn)
 K - a +0 kite shield (worn)
Jewellery
 m - an amulet of reflection (around neck)
 p - a ring of positive energy (left hand)
Wands
 k - a wand of mindburst (1)
 n - a wand of roots (6)
 o - a wand of digging (2)
Scrolls
 l - 5 scrolls of teleportation
 r - a scroll of vulnerability
 w - 3 scrolls of fear
 D - a scroll of butterflies
 F - 2 scrolls of blinking
 J - a scroll of enchant weapon
Potions
 g - a potion of might
 h - a potion of cancellation
 j - 6 potions of enlightenment
 q - 5 potions of degeneration
 s - a potion of heal wounds
 t - 5 potions of brilliance
 x - 3 potions of mutation {unknown}
 z - 7 potions of curing {unknown}
 A - 4 potions of attraction {unknown}
 H - a potion of ambrosia {unknown}


   Skills:
 + Level 12.2 Fighting
 - Level 16.0 Axes
 + Level 12.0 Armour
 + Level 12.1 Shields


You had 13 spell levels left.
You didn't know any spells.
Your spell library was empty.

Dungeon Overview and Level Annotations

Branches:
Dungeon (11/15) Zot: 1861    Lair (5/5) D:11 Zot: 1746  Shoals (0/4) Lair:2
  Snake (0/4) Lair:2        Slime (0/5) Lair:4          Orc (0/2) D:10
 Temple: D:4-7

Altars:
Ru
Uskayaw

Shops:
D:2 *   D:11 *


Innate Abilities, Weirdness & Mutations

You passively map the area around you.
You are hated by all.
You cannot train Dodging skill.
You cannot study or cast Conjurations magic.
You cannot study or cast Hexes magic.
You cannot study or cast Ice magic.
You are missing an eye, making it more difficult to aim.
You are easily found by Zot.
You glow in the dark.
You regain HP and MP as you explore.


Message History

The death yak gores you!!
You take 20 damage, and have 106/126 hp.
You hit the death yak but do no damage.
The death yak looks as sick as possible!
The death yak is severely wounded.
You block the death yak's attack.
You hit the death yak but do no damage.
The death yak looks as sick as possible!
The death yak is severely wounded.
You block the goliath frog's attack.
You barely miss the death yak.
The death yak is severely wounded.
The goliath frog closely misses you. The death yak closely misses you.
You slash the death yak!
The death yak looks as sick as possible!
The death yak is almost dead.
The goliath frog hits you from afar! The acid corrodes you!
You are splashed with acid!
The death yak gores you!!
You take 41 damage, and have 66/126 hp.
MASSIVE DAMAGE!!
You barely miss the death yak.
The death yak is almost dead.
The goliath frog hits you but does no damage.
The death yak gores you.
You take 6 damage, and have 60/126 hp.
You slash the death yak!
The death yak looks as sick as possible!
The death yak is almost dead.
You kill the death yak!
The goliath frog hits you from afar. The acid corrodes you!
You are splashed with acid!
You take 16 damage, and have 44/126 hp.
Found 21 gold pieces.
The death yak gores you!!
* * * LOW HITPOINT WARNING * * *
The goliath frog hits you!!
* * * LOW HITPOINT WARNING * * *
You are splashed with acid!
* * * LOW HITPOINT WARNING * * *
You focus your inner power and illuminate the goliath frog in retribution!
The yak gores you.
You die...

#.# , ......P.~.... .## **
, ...~.~~~..~.. ## . *
#.#~........~ .# ,* ..., *
. #.~...~~~~~ ## # *, ....
#..~~~P~~~≈ ##.## ...$.
##..~~~~≈~≈~ #(#... ,
$....# ### #..~~~P~≈≈≈≈
......
,.....Y##.####~.~~~~~~≈~≈
......
,.....YF@#.##..~~≈~P~~~≈~
......,
....#YYYY..#).~≈~~~≈~~≈~
...... .
,,#..Y.....†~~~~~~~~P~
....#.,
..........P..~~~~≈~~~~~
....#.
,,,.............~≈~~~~~~~~
#.....
...........~~.~~~~~~~~.~
.#.#..
...........P.~~~≈#~~~.~P
#### .
....#........~~~~#~~.~~ #
, .. .. ##.#.#......~~~##
~~


You could see 2 death yaks, a goliath frog (corona) and 5 yaks.

Vanquished Creatures
  Gastronok (D:10)
  Josephine (D:10)
  Fannar (D:10)
  4 death yaks (Lair:5)
  A two-headed ogre (D:11)
  2 skysharks
  Pikel (D:5)
  A cyclops (D:10)
  7 elephants
  A manticore (D:8)
  Maggie (D:10)
  Psyche (D:8)
  13 cane toads
  4 komodo dragons
  A tyrant leech (Lair:5)
  4 polar bears
  A hornet (D:7)
  7 blink frogs (Lair:5)
  A slime creature (D:10)
  Sigmund (D:5)
  A shadow (D:11)
  5 wraiths
  32 yaks
  2 wyverns
  A basilisk (Lair:4)
  6 vampire mosquitoes
  2 steam dragons
  An acid dragon (D:11)
  2 nagas (Lair:2)
  6 water moccasins
  Edmund (D:6)
  4 orc warriors
  A sky beast (D:7)
  A hornet zombie (D:8)
  2 black bears
  An ogre (D:7)
  3 centaurs
  Blork the orc (D:5)
  A gnoll sergeant (D:11)
  17 bullfrogs
  A scorpion (D:4)
  8 wights
  14 killer bees
  3 electric eels
  3 hounds
  7 orc priests
  Terence (D:2)
  2 iguanas
  Natasha (D:2)
  5 orc wizards
  Robin (D:2)
  3 gnolls (D:11)
  6 adders
  2 ufetubi (D:5)
  A worm (D:2)
  35 orcs
  2 bats
  7 endoplasms
  10 goblins
  8 hobgoblins
  4 jackals
  A quokka (D:1)
  3 frilled lizards
  7 kobolds
  4 rats
283 creatures vanquished.

Vanquished Creatures (others)
  An ugly thing (D:10)
  A hornet (D:10)
  A blink frog (Lair:5)
  A yak (Lair:3)
  A vampire mosquito (Lair:5)
  An electric eel (Lair:5)
6 creatures vanquished.

Grand Total: 289 creatures vanquished

Notes
Turn   | Place    | Note
-------+----------+-------------------------------------------
     0 | D:1      | jasper the Meteoran Fighter began the quest for the Orb.
     0 | D:1      | Reached XP level 1. HP: 19/19 MP: 2/2
    49 | D:1      | Reached skill level 3 in Axes
    49 | D:1      | Reached XP level 2. HP: 26/26 MP: 3/3
   102 | D:2      | Found Dakhleps's General Store.
   131 | D:2      | Noticed Terence
   134 | D:2      | Reached XP level 3. HP: 20/31 MP: 4/4
   138 | D:2      | Reached skill level 4 in Axes
   143 | D:2      | Killed Terence
   144 | D:2      | Reached skill level 5 in Axes
   144 | D:2      | Reached XP level 4. HP: 9/38 MP: 5/5
   172 | D:2      | Noticed Robin
   189 | D:2      | Killed Robin
   229 | D:1      | Reached XP level 5. HP: 44/45 MP: 6/6
   268 | D:2      | Noticed Natasha
   279 | D:2      | Killed Natasha
   319 | D:3      | Reached skill level 6 in Axes
   832 | D:3      | Found a faded altar of an unknown god.
   854 | D:3      | Prayed at the altar of an unknown god.
   854 | D:3      | Became a worshipper of Ru the Awakened
   857 | D:3      | Gained mutation: You cannot study or cast Ice magic. [Ru
                  | sacrifice]
   857 | D:3      | Gained mutation: You cannot study or cast Hexes magic. [Ru
                  | sacrifice]
   857 | D:3      | Gained mutation: You cannot study or cast Conjurations
                  | magic. [Ru sacrifice]
   857 | D:3      | Reached * piety under Ru
   878 | D:3      | Reached XP level 6. HP: 41/51 MP: 7/7
  1223 | D:4      | Found a hide-covered altar of Uskayaw.
  1308 | D:4      | Reached skill level 7 in Axes
  1481 | D:5      | Entered Level 5 of the Dungeon
  1485 | D:5      | Noticed Sigmund
  1495 | D:5      | Killed Sigmund
  1496 | D:5      | Reached skill level 8 in Axes
  1496 | D:5      | Reached XP level 7. HP: 54/57 MP: 8/8
  1546 | D:5      | Reached skill level 9 in Axes
  1586 | D:5      | Noticed Blork the orc
  1598 | D:5      | Killed Blork the orc
  1613 | D:5      | Reached XP level 8. HP: 59/63 MP: 9/9
  1786 | D:5      | Noticed Pikel
  1799 | D:5      | Killed Pikel
  1800 | D:5      | Reached skill level 11 in Axes
  1853 | D:6      | Gained mutation: You passively map the area around you.
                  | [Meteoran growth]
  1853 | D:6      | Reached XP level 9. HP: 39/70 MP: 10/10
  1862 | D:6      | Reached skill level 12 in Axes
  1931 | D:6      | Noticed Edmund
  1952 | D:6      | Killed Edmund
  2024 | D:7      | Noticed a hornet
  2026 | D:7      | Reached skill level 13 in Axes
  2036 | D:7      | Paralysed by a hornet for 2 turns
  2042 | D:7      | Killed a hornet
  2111 | D:7      | Reached skill level 14 in Axes
  2201 | D:8      | Noticed Psyche
  2212 | D:8      | Killed Psyche
  2213 | D:8      | Reached XP level 10. HP: 44/77 MP: 11/11
  2249 | D:8      | Reached skill level 15 in Axes
  2482 | D:8      | Noticed a manticore
  2492 | D:8      | Killed a manticore
  2493 | D:8      | Reached skill level 16 in Axes
  2498 | D:9      | Gained mutation: You cannot train Dodging skill. [Ru
                  | sacrifice]
  2498 | D:9      | Reached ** piety under Ru
  2675 | D:10     | Entered Level 10 of the Dungeon
  2675 | D:10     | Noticed Gastronok
  2710 | D:9      | Reached skill level 5 in Fighting
  2710 | D:9      | Reached skill level 5 in Armour
  2753 | D:9      | Reached skill level 5 in Shields
  2767 | D:9      | Reached XP level 11. HP: 61/86 MP: 12/12
  2906 | D:10     | Found a staircase to the Orcish Mines.
  3060 | D:11     | Found Oxabb's Mail-Order Catalogue.
  3101 | D:11     | Noticed a two-headed ogre
  3110 | D:11     | Killed a two-headed ogre
  3270 | D:10     | Noticed Fannar
  3281 | D:10     | Killed Fannar
  3659 | D:8      | Gained mutation: You are hated by all. [Ru sacrifice]
  3659 | D:8      | Reached *** piety under Ru
  3659 | D:8      | Reached **** piety under Ru
  4010 | D:10     | Noticed a brown ugly thing
  4020 | D:10     | Reached XP level 12. HP: 23/101 MP: 13/13
  4074 | D:10     | Noticed Josephine
  4090 | D:10     | Killed Josephine
  4094 | D:10     | HP: 4/103 [wraith[Josephine] (10)]
  4475 | D:10     | Noticed Maggie
  4482 | D:10     | Killed Maggie
  4526 | D:10     | Killed Gastronok
  4778 | D:11     | Found a staircase to the Lair.
  4812 | Lair:1   | Entered Level 1 of the Lair of Beasts
  4937 | Lair:2   | Found a staircase to the Snake Pit.
  4981 | Lair:2   | Noticed a skyshark
  5000 | Lair:2   | HP: 4/101 [skyshark (12)]
  5002 | Lair:2   | Killed a skyshark
  5179 | Lair:3   | Gained mutation: You are missing an eye, making it more
                  | difficult to aim. [Ru sacrifice]
  5179 | Lair:3   | Reached ***** piety under Ru
  5241 | Lair:3   | Reached XP level 13. HP: 112/113 MP: 14/14
  5242 | Lair:3   | Reached skill level 10 in Fighting
  5362 | Lair:4   | Reached skill level 10 in Shields
  5390 | Lair:4   | Reached skill level 10 in Armour
  5642 | Lair:5   | Entered Level 5 of the Lair of Beasts
  5681 | Lair:5   | Noticed a death yak
  5686 | Lair:5   | Noticed a death yak
  5719 | Lair:5   | Noticed a death yak
  5741 | Lair:5   | Killed a death yak
  5753 | Lair:5   | Killed a death yak
  5773 | Lair:5   | Killed a death yak
  6009 | Lair:5   | Reached XP level 14. HP: 53/125 MP: 15/15
  6189 | Lair:5   | HP: 3/126 [acid (8)]
  6189 | Lair:5   | Slain by a yak

Illustrated notes

Levels and vault maps discovered:
D:1:      eino_arrival_water_star, layout_rooms, kennysheep_another_room,
          chequers_hall_statues_wall_a, minmay_octomino_e4
D:2:      layout_rooms, serial_shops, nicolae_shop_hallway_stairs,
          grunt_ministairs_6, kennysheep_flooded_box, minmay_crystal_room,
          uniq_jessica, uniq_robin, uniq_natasha, uniq_terence
D:3:      layout_loops_corners, ebering_ghost_rock_garden,
          basic_ecumenical_altar, mainiacjoe_sewer_entry_somewhere_in_here_2
D:4:      layout_loops_ring, riverfiend_overflow_shadow_ancestor,
          mainiacjoe_overflow_alcove_2, serial_co_window_serial,
          co_window_corner_a, co_window_corner_a, co_window_corner_a,
          co_window_of_opportunity_a, co_window_paths_a, co_window_paths_a,
          co_window_corner_a, co_window_broadway_c, co_window_corner_cb,
          co_window_corner_ca, co_window_4corner_b, co_window_4corner_a
D:5:      layout_basic, serial_shops, nicolae_shop_peninsula, st_stairs_9,
          uniq_sigmund, uniq_pikel, uniq_blork_the_orc
D:6:      layout_basic, uniq_edmund, uniq_prince_ribbit1
D:7:      layout_cave_pools, zin_scriptorium, minmay_temple_entry_poolview,
          minmay_tree_intersection, chequers_serial_rivers_micro_a,
          chequers_serial_rivers_micro_d, dk_noncrumbling_3
D:8:      layout_loops_ring, lemuel_mausoleum_altar_kikubaaqudgha, uniq_psyche
D:9:      layout_roguey, nrook_mini_vaults
D:10:     minmay_cornered_nines, layout_basic, david_orc_2, kennysheep_donut,
          uniq_fannar, uniq_josephine, uniq_maggie, uniq_gastronok
D:11:     layout_cave_pools, lair_entry_dummy, monkooky_shop_mail_order
Lair:1:   layout_cave_pods, gammafunk_ghost_cemetery, beast_lair_carwin_8,
          uniq_amaemon, uniq_sonja
Lair:2:   layout_chaotic_city, nicolae_shoals_entry_roost,
          guppyfry_snake_entry_island, hellmonk_ghost_happy_afterlife,
          nicolae_lair_grazing_beasts [nicolae_sub_lair_graze_edge,
          nicolae_sub_lair_graze_edge, nicolae_sub_lair_graze_edge,
          nicolae_sub_lair_graze_edge]
Lair:3:   beast_lair_carwin_large_3, layout_layer_cave, serial_bayou_lagoon_b,
          infiniplex_staircase_pool
Lair:4:   layout_loops_ring, dpeg_slime_entry_enclosed, serial_bayou_shore_b
Lair:5:   minmay_lair_end_frog_pond, layout_concentric_octagons,
          lemuel_fruit_fields

Skill      XL: |  1  2  3  4  5  6  7  8  9 10 11 12 13 14 |
---------------+-------------------------------------------+-----
Axes           | 3 5 6 8 9 11 14 16 | 16.0
Fighting       | 5 7 9 11 12 | 12.2
Armour         | 5 7 9 11 12 | 12.0
Shields        | 5 7 9 11 12 | 12.1

Action                     |  1- 3 |  4- 6 |  7- 9 | 10-12 | 13-15 || total
---------------------------+-------+-------+-------+-------+-------++-------
  Melee: War axe           |    45 |   133 |   166 |   477 |   362 ||  1183
 Invoke: Sacrifice Arcana  |       |     1 |       |       |       ||     1
         Sacrifice Nimblen |       |       |       |     1 |       ||     1
         Sacrifice Love    |       |       |       |     1 |       ||     1
         Draw Out Power    |       |       |       |     5 |     2 ||     7
         Sacrifice an Eye  |       |       |       |     1 |       ||     1
  Evoke: Wand              |       |       |       |     5 |     4 ||     9
    Use: Potion            |     1 |       |     1 |     2 |     1 ||     5
         Scroll            |       |       |       |    16 |     2 ||    18
   Stab: Invisible         |       |       |       |     4 |     2 ||     6
         Distracted        |       |       |       |     3 |     1 ||     4
 Armour: Scale mail        |    31 |       |       |       |       ||    31
         Chain mail        |    23 |    80 |   105 |    89 |       ||   297
         Plate armour      |       |       |       |   245 |       ||   245
         Skin              |       |       |       |     7 |       ||     7
         Swamp dragon scal |       |       |       |    42 |   208 ||   250
  Dodge: Dodged            |    28 |    43 |    43 |   120 |   122 ||   356
  Block: Buckler           |    20 |    46 |    84 |   265 |    71 ||   486
         Reflection        |       |     4 |     1 |     4 |       ||     9
         Kite shield       |       |       |       |       |   138 ||   138
         Other             |       |       |       |       |     1 ||     1

Table legend: (Time is in decaauts)
 A = Elapsed time spent in this place.
 B = Non-inter-level travel time spent in this place.
 C = Inter-level travel time spent in this place.
 D = Time resting spent in this place.
 E = Time spent auto-exploring this place.
 F = Levels seen in this place.
 G = Mean time per level.
                   A        B        C        D        E       F      G
               +--------+--------+--------+--------+--------+-----+--------+
         Total |   5991 |   5714 |    277 |     46 |   2782 |  16 |  374.4 |
       Dungeon |   4738 |   4535 |    203 |     36 |   2539 |  11 |  430.7 |
          Lair |   1252 |   1178 |     74 |     10 |    242 |   5 |  250.4 |
               +--------+--------+--------+--------+--------+-----+--------+

Top non-repeatable levels by time:
    D:10: 935 daAuts
     D:3: 642 daAuts
     D:9: 626 daAuts
     D:8: 563 daAuts
     D:4: 540 daAuts
  Lair:5: 489 daAuts
    D:11: 389 daAuts
  Lair:4: 352 daAuts
     D:5: 342 daAuts
     D:2: 219 daAuts
     D:7: 201 daAuts
  Lair:3: 155 daAuts
     D:6: 153 daAuts
  Lair:2: 153 daAuts
     D:1: 124 daAuts
